 Dungeon Crawl Stone Soup version 0.29.0-11-gd7f09526c8 (webtiles) character file.

Game seed: 13067445461473829232

44 Powertoast the Trooper (level 3, 0/30 HPs)
             Began as a Merfolk Transmuter on Sept 3, 2022.
             Succumbed to an adder's poison
             ... on level 1 of the Dungeon on Sept 4, 2022.
             The game lasted 00:05:43 (1269 turns).

Powertoast the Trooper (Merfolk Transmuter)         Turns: 1269, Time: 00:05:44

Health: 0/30       AC:  2    Str: 10    XL:     3   Next: 60%
Magic:  5/6        EV: 12    Int: 14    God:
Gold:   12         SH:  0    Dex: 14    Spells: 5/6 levels left

rFire   . . .      SeeInvis .     - Unarmed
rCold   . . .      Faith    .   (no shield)
rNeg    . . .      Spirit   .   a - +0 robe
rPois   .          Reflect  .   (helmet currently unavailable)
rElec   .          Harm     .   (no cloak)
rCorr   .          Rampage  .   (no gloves)
Will    .....                   (boots currently unavailable)
Stlth   +.........              (no amulet)
HPRegen 0.10/turn               (no ring)
MPRegen 0.10/turn               (no ring)

@: lethally poisoned (0 -> -3), appendages
A: horns 2, (nimble swimmer 2), mertail
a: End Transformation


You were on level 1 of the Dungeon.
You had temporarily grown beastly horns.
You visited 1 branch of the dungeon, and saw 2 of its levels.

You collected 54 gold pieces.
You spent 42 gold pieces at shops.

Inventory:

Armour
 a - a +0 robe (worn)
Scrolls
 g - a scroll of blinking {unknown}
 h - a scroll of teleportation {unknown}
 i - 2 scrolls of identify {unknown}
 j - a scroll of silence {unknown}
 k - a scroll of poison {unknown}
 l - a scroll of enchant armour {unknown}
Potions
 b - a potion of degeneration {unknown}
 c - a potion of heal wounds {unknown}
 d - a potion of brilliance {unknown}
 e - a potion of attraction {unknown}
 f - a potion of flight {unknown}


   Skills:
 + Level 3.7 Fighting
 - Level 2.6 Dodging
 - Level 3.2 Unarmed Combat
 - Level 2.0 Spellcasting
 - Level 2.6 Transmutations


You had 5 spell levels left.
You knew the following spells:

 Your Spells              Type           Power      Damage    Failure   Level
a - Beastly Appendage     Tmut           16%        N/A       8%          1

Your spell library contained the following spells:

 Spells                   Type           Power      Damage    Failure   Level
 Wereblood                Tmut           8%         N/A       12%         2
 Spider Form              Tmut/Pois      5%         N/A       38%         3
 Ignite Poison            Fire/Tmut/Pois 3%         N/A       45%         3
 Conjure Flame            Conj/Fire      1%         6-21      56%         3
 Ice Form                 Ice/Tmut       5%         N/A       80%         4
 Sticky Flame             Conj/Fire      1%         2d3       93%         4


Dungeon Overview and Level Annotations

Branches:
Dungeon (2/15)

Altars:

Shops:
D:2 !


Innate Abilities, Weirdness & Mutations

You have temporarily grown beastly horns.
((You are very nimble when in or above water. (Stealth+, EV+, Speed+++)))
Your lower body shifts to a powerful aquatic tail in water.


Message History

You are lethally poisoned!
The adder poisons you! The dart slug bites you.
* * * LOW HITPOINT WARNING * * *
The adder barely misses you.
You feel better. The adder misses you. The adder misses you.
There is an escape hatch in the ceiling here.
The adder misses you. A mysterious force pulls you upwards.
The hatch slams shut behind you.
You closely miss the adder.
The adder is moderately wounded.
The adder bites you. x2
* * * LOW HITPOINT WARNING * * *
You closely miss the adder.
The adder is moderately wounded.
The adder closely misses you.
You miss the adder.
The adder is moderately wounded.
The adder closely misses you.
Casting: Beastly Appendage (safe; 8% risk of failure)
Confirm with . or Enter, or press ? or * to list all spells.
You grow a pair of large bovine horns.
The adder bites you.
* * * LOW HITPOINT WARNING * * *
You closely miss the adder. Your headbutt misses the adder.
The adder is moderately wounded.
The adder closely misses you.
You hit the adder but do no damage.
The adder is moderately wounded.
The adder closely misses you. The adder bites you.
* * * LOW HITPOINT WARNING * * *
You are lethally poisoned!
The adder poisons you!
You closely miss the adder.
The adder is moderately wounded.
* * * LOW HITPOINT WARNING * * *
You feel sick. The adder bites you.
* * * LOW HITPOINT WARNING * * *
You hit the adder.
The adder is moderately wounded.
You die...

#########
#####...#...############
...#.........##........# #####
.^..............@S.....######....
..............................###
............................####.
...#.........##...............##.
#####...#...#######..............
##########.## ###............
.....# #..### ##...#.########
.....######...#####...##.#
........##..........#.##.#


You could see an adder.

Vanquished Creatures
  A dart slug (D:1)
  3 ball pythons (D:1)
  An endoplasm (D:1)
  A giant cockroach (D:2)
  6 goblins
  4 hobgoblins (D:1)
  4 jackals (D:2)
  A quokka (D:2)
  8 bats
  3 frilled lizards
  3 kobolds (D:1)
  3 rats (D:1)
38 creatures vanquished.

Notes
Turn   | Place    | Note
-------+----------+-------------------------------------------
     0 | D:1      | Powertoast the Merfolk Transmuter began the quest for the
                  | Orb.
     0 | D:1      | Reached XP level 1. HP: 15/15 MP: 3/3
   174 | D:1      | Reached XP level 2. HP: 22/22 MP: 5/5
   185 | D:1      | Noticed an eye of devastation
   187 | D:1      | Found a faded altar of an unknown god.
   191 | D:1      | Noticed a golden eye
   567 | D:1      | Noticed a great orb of eyes
   622 | D:1      | Noticed a golden eye
   786 | D:1      | Reached XP level 3. HP: 24/29 MP: 6/6
  1131 | D:2      | Found Motimnuk's Distillery.
  1142 | D:2      | Bought a potion of curing for 42 gold pieces
  1268 | D:1      | HP: 1/30 [adder (1)]
  1269 | D:1      | Succumbed to an adder's poison

Illustrated notes

Levels and vault maps discovered:
D:1:      wander_arrival_lonely_grave, layout_rooms,
          hellmonk_ecumenical_altar_watching_god
D:2:      layout_basic, serial_shops, shop_statue, nicolae_shop_window_shopping,
          basic_altar

Skill      XL: |  1  2 |
---------------+-------+-----
Fighting       | 2 3 |  3.7
Dodging        | |  2.6
Unarmed Combat | |  3.2
Spellcasting   | |  2.0
Transmutations | |  2.6

Action                   || total
-------------------------++-------
Melee: Unarmed           ||   135
       Headbutt          ||     5
       Punch             ||     3
 Cast: Beastly Appendage ||     7
  Use: Potion            ||     3
 Stab: Sleeping          ||     1
Armor: Robe              ||    57
       Skin              ||     5
Dodge: Dodged            ||   131
